 Dungeon Crawl Stone Soup version 0.31.0-11-ge490571c62 (webtiles) character file.

Game seed: 2078432947305791146

152 Firecrotchwizard the Digger (level 5, -1/28 HPs)
             Began as a Gargoyle Earth Elementalist on Jan 27, 2024.
             Incinerated by a bombardier beetle (4 damage)
             ... with a burning spray
             ... on level 4 of the Dungeon.
             The game lasted 00:07:15 (2437 turns).

Firecrotchwizard the Digger (GrEE)                  Turns: 2437, Time: 00:07:16

Health: -1/28      AC:  9    Str: 18    XL:     5   Next: 34%
Magic:  7/9        EV: 26    Int: 17    God:
Gold:   175        SH:  0    Dex: 10    Spells: 3/10 levels left

rFire   . . .        k - +0 long sword
rCold   . . .        (no shield)
rNeg    + . .        a - +0 robe
rPois   ∞            (no helmet)
rElec   +            (no cloak)
rCorr   .            (no gloves)
SInv    .            g - +2 pair of boots
Will    .....        f - amulet of the acrobat
Stlth   +            q - +6 ring of strength
HPRegen 0.24/turn    (no ring)
MPRegen 0.11/turn

%: acrobat
@: on fire, acrobatic, glowing
A: sickness immunity, AC +4, negative energy resistance 1, electricity
resistance, torment resistance 1, petrification resistance
a: no special abilities


You were on level 4 of the Dungeon.
You visited 1 branch of the dungeon, and saw 4 of its levels.

You collected 175 gold pieces.

Inventory:

Hand Weapons
 k - a +0 long sword (weapon)
Armour
 a - a +0 robe (worn)
 g - a +2 pair of boots (worn)
Jewellery
 f - an amulet of the acrobat (around neck)
 q - a +6 ring of strength (left hand)
 w - a +5 ring of evasion
Wands
 n - a wand of polymorph (8)
Scrolls
 c - 3 scrolls of amnesia {unknown}
 d - a scroll of fear {unknown}
 h - 7 scrolls of identify {unknown}
 l - a scroll of revelation {unknown}
 o - a scroll of vulnerability {unknown}
 r - a scroll of torment {unknown}
 s - a scroll of teleportation {unknown}
 t - a scroll of poison {unknown}
 v - a scroll of fog {unknown}
Potions
 b - 2 potions of magic
 e - 4 potions of degeneration {unknown}
 i - a potion of cancellation {unknown}
 j - a potion of enlightenment {unknown}
 m - a potion of mutation {unknown}
 p - a potion of curing {unknown}
 u - a potion of brilliance {unknown}


   Skills:
 - Level 1.5 Dodging
 - Level 2.1 Stealth
 + Level 3.3 Spellcasting
 + Level 3.2 Conjurations
 + Level 5.0 Earth Magic


You had 3 spell levels left.
You knew the following spells:

 Your Spells              Type           Power      Damage    Failure   Level
a - Sandblast             Erth           38%        2d10      2%          1
b - Passwall              Erth           19%        N/A       6%          3
c - Stone Arrow           Conj/Erth      32%        3d9       10%         3

Your spell library contained the following spells:

 Spells                   Type           Power      Damage    Failure   Level
 Sting                    Conj/Alch      32%        1d5       9%          1
 Mercury Vapours          Alch/Air       4%         N/A       26%         2
 Brom's Barrelling Bould  Conj/Erth      16%        2d4       30%         4
 Petrify                  Alch/Erth      11%        N/A       52%         4
 Olgreb's Toxic Radiance  Alch           2%         N/A       86%         4


Dungeon Overview and Level Annotations

Branches:
Dungeon (4/15)
 Temple: D:4-7

Altars:

Annotations:
D:4 1 runed translucent door, cdecastro's ghost, amateur DEFE


Innate Abilities, Weirdness & Mutations

You are immune to sickness and miasma.
Your stone body is resilient. (AC +4)
You are immune to poison.
You resist negative energy. (rN+)
You are resistant to electric shocks. (rElec)
You are resistant to unholy torment.
You are immune to petrification.


Message History

Cdecastro's ghost shrieks, "I have seen your future, and it is all used up."
Found a runed translucent door.
Cdecastro's ghost says, "I won't need demonic support against you."
A goblin and a bombardier beetle come into view.
You start waiting.
A bombardier beetle is nearby!
Casting: Sandblast (safe; 2% risk of failure)
Confirm with . or Enter, or press ? or * to list all spells.
Aiming: Sandblast (safe; 2% risk of failure)
Press: ? - help, Shift-Dir - straight line, f - bombardier beetle
Aim: a bombardier beetle (89% to hit)
The blast of sand hits the bombardier beetle!
The bombardier beetle is almost dead.
The bombardier beetle sprays incendiary fluid at you.
The burning spray hits you.
You are covered in liquid fire!
Casting: Sandblast (safe; 2% risk of failure)
Confirm with . or Enter, or press ? or * to list all spells.
Aiming: Sandblast (safe; 2% risk of failure)
Press: ? - help, Shift-Dir - straight line, f/p - bombardier beetle
Aim: a bombardier beetle (almost dead, 89% to hit)
The blast of sand hits the bombardier beetle!
You kill the bombardier beetle!
The liquid fire burns you!
Your Earth Magic skill increases to level 5!
You are on fire!
You are on fire!
You are on fire!
You are on fire!
You are on fire!
You are on fire!
The liquid fire burns you! The liquid fire burns you!
The liquid fire burns you!
* * * LOW HITPOINT WARNING * * *
The liquid fire burns you!
* * * LOW HITPOINT WARNING * * *
Unknown command.
The liquid fire burns you!
You die...

#.###.....#
#. #...
#.........#
#. #...
####......#
.. #...
#......#
###.
#......#
##.####....
#...# #..
#...# .
#@..# ##.##
#..# #.##
.. ... #...
#g.B #...


There were no monsters in sight!

Vanquished Creatures
  A bombardier beetle (D:4)
  A hound (D:4)
  Jessica (D:2)
  An adder (D:3)
  A ribbon worm (D:2)
  2 ball pythons
  4 bats (D:1)
  4 endoplasms
  A giant cockroach (D:4)
  A goblin (D:1)
  8 hobgoblins
  8 jackals
  3 kobolds
  2 quokkas (D:1)
  3 frilled lizards (D:1)
  7 rats
48 creatures vanquished.

Notes
Turn   | Place    | Note
-------+----------+-------------------------------------------
     0 | D:1      | Firecrotchwizard the Gargoyle Earth Elementalist began the
                  | quest for the Orb.
     0 | D:1      | Reached XP level 1. HP: 10/10 MP: 3/3
   155 | D:1      | Reached XP level 2. HP: 15/15 MP: 1/5
   706 | D:1      | Reached skill level 4 in Earth Magic
   985 | D:1      | Reached XP level 3. HP: 19/19 MP: 4/6
  1261 | D:2      | Found a faded altar of an unknown god.
  1273 | D:2      | Noticed Jessica
  1275 | D:2      | Killed Jessica
  1553 | D:2      | Reached XP level 4. HP: 24/24 MP: 3/8
  1635 | D:2      | Learned a level 3 spell: Passwall
  1639 | D:2      | Learned a level 3 spell: Stone Arrow
  2317 | D:4      | Reached XP level 5. HP: 27/28 MP: 5/9
  2380 | D:4      | Noticed cdecastro's ghost (amateur DEFE)
  2386 | D:4      | Found a runed translucent door.
  2433 | D:4      | Reached skill level 5 in Earth Magic
  2437 | D:4      | Incinerated by a bombardier beetle

Illustrated notes

Levels and vault maps discovered:
D:1:      dpeg_arrival_rooms_c, layout_loops_corners, minmay_tetromino_o2
D:2:      layout_basic, hellmonk_ecumenical_altar_crossroads, uniq_jessica
D:3:      layout_rooms
D:4:      layout_rooms, ashenzari_conservatory_becter, temple_pool_b,
          hellmonk_ghost_happy_afterlife

Skill      XL: |  1  2  3  4  5 |
---------------+----------------+-----
Earth Magic    | 4 5 |  5.0
Conjurations   | 2 3 |  3.2
Spellcasting   | 3 |  3.3
Dodging        | |  1.5
Stealth        | |  2.1

Action                     |  1- 3 |  4- 6 || total
---------------------------+-------+-------++-------
  Melee: Unarmed           |    55 |       ||    55
         Long sword        |       |    39 ||    39
   Cast: Sandblast         |    31 |    10 ||    41
   Stab: Sleeping          |     1 |       ||     1
 Armour: Robe              |    39 |    33 ||    72
  Dodge: Dodged            |    38 |    45 ||    83
